 Dungeon Crawl Stone Soup version 0.18-a0-486-gab6c0bd (console) character file.

59952 endege the Severer (level 14, 0/129 HPs)
             Began as a Deep Dwarf Necromancer on Dec 2, 2015.
             Was the Champion of Makhleb.
             Killed from afar by a raiju (8 damage)
             ... with a living lightning
             ... on level 1 of the Abyss.
             The game lasted 00:25:05 (19359 turns).

endege the Severer (Deep Dwarf Necromancer)        Turns: 19359, Time: 00:25:05

Health: 0/129      AC: 25    Str: 16    XL:     14   Next: 55%
Magic:  0/0        EV:  6    Int: 15    God:    Makhleb [******]
Gold:   1295       SH:  0    Dex: 13    Spells: 1 memorised, 15 levels left

rFire  + . .     SeeInvis +     t - +0 battleaxe
rCold  . . .     Clarity  .     u - +1 plate armour
rNeg   + . .     SustAt   .     (shield currently unavailable)
rPois  .         Gourm    .     s - +1 helmet
rElec  .         Spirit   .     v - +4 cloak of the Morning {Regen+ rCorr}
rCorr  +         Dismiss  .     y - +0 pair of gloves
rMut   .         Rnd*Tele +     n - +2 pair of boots {run}
MR     ++...                    (no amulet)
Stlth  ..........               (no ring)
                                i - ring of see invisible

@: non-regenerating, drained, quick, very resistant to hostile enchantments,
extremely unstealthy
A: damage resistance, recharge devices, hooves 1, blurry vision 1, deterioration
1, dopey 1, fire resistance 1, low mp 2, negative energy resistance 1, sense
surroundings 2, slow regeneration 3, teleportitis 1, subdued magic 2, MP-powered
wands
a: Device Recharging, Minor Destruction, Lesser Servant of Makhleb, Major
Destruction, Greater Servant of Makhleb, Renounce Religion


You were on level 1 of the Abyss.
You worshipped Makhleb.
Makhleb was exalted by your worship.
You were hungry.

You visited 3 branches of the dungeon, and saw 20 of its levels.
You visited the Abyss 1 time.

You collected 1295 gold pieces.


Innate Abilities, Weirdness & Mutations

You are resistant to damage.
You can recharge devices by infusing magical energy.
You resist negative energy.
You passively map the area around you.
You do not regenerate naturally.
You have large cloven feet.
You are dopey. (Int -2)
Your flesh is heat resistant.
[Scrolls take you a little longer to read.]
[Your body sometimes deteriorates upon taking damage.]
[Your magical capacity is very low (-20% MP).]
[You are occasionally teleported next to monsters.]
[Your spells are easier to cast, but less powerful.]
[You expend magic power (3 MP) to strengthen your wands.]


   Skills:
 - Level 9.4(9.3) Fighting
 + Level 18.6(18.5) Axes
 + Level 6.2 Armour
 - Level 4.6(4.5) Dodging
 - Level 2.4(2.3) Stealth
 - Level 1.7(1.6) Spellcasting
 - Level 4.3(4.2) Necromancy
 + Level 16.7(16.6) Invocations


You had 15 spell levels left.
You knew the following spells:

 Your Spells              Type           Power        Failure   Level  Hunger
a - Pain                  Necr           #...         93%         1    ##.....

Inventory:

Hand Weapons
 t - a +0 battleaxe (weapon)
Armour
 n - a +2 pair of boots of running (worn)
 s - a +1 helmet (worn)
 u - a +1 plate armour (worn)
 v - the +4 cloak of the Morning (worn) {Regen+ rCorr}
   (You acquired it on level 2 of the Lair of Beasts)

   It increases your rate of regeneration.
   It protects you from acid and corrosion.
 y - a +0 pair of gloves (worn)
Jewellery
 i - a ring of see invisible (left hand)
Wands
 c - a wand of heal wounds (5)
 o - a wand of disintegration (16)
 Y - a wand of heal wounds (8)
Scrolls
 g - 6 scrolls of identify
 h - 6 scrolls of remove curse
 k - 4 scrolls of teleportation
Potions
 a - 13 potions of curing
 d - 2 potions of resistance
 j - a potion of cure mutation
 p - a potion of might
 q - a potion of haste
Books
 b - a book of Necromancy

   Spells                             Type                      Level
   a - Pain                           Necromancy                   1
   b - Animate Skeleton               Necromancy                   1
   c - Vampiric Draining              Necromancy                   3
   d - Regeneration                   Charms/Necromancy            3
   e - Animate Dead                   Necromancy                   4
   f - Control Undead                 Necromancy                   4
Comestibles
 e - 8 fruits
 f - 10 meat rations
 r - a royal jelly
 z - 4 bread rations

Dungeon Overview and Level Annotations

Branches:
Dungeon (11/15)            Temple (1/1) D:7            Lair (8/8) D:11
  Swamp (0/4) Lair:3       Spider (0/4) Lair:4        Slime (0/6) Lair:8
    Orc (0/4) D:10

Altars:
Ashenzari
Cheibriados
Dithmenos
Elyvilon
Fedhas
Gozag
Kikubaaqudgha
Makhleb
Nemelex Xobeh
Okawaru
Qazlal
Ru
Sif Muna
Trog
Vehumet
Xom
Yredelemnul
Zin
The Shining One

Annotations:
D:11 Sonja


Message History

Your plate armour prevents you from hitting the wretched star.
The wretched star is moderately damaged.
The wretched star glows turbulently.
The orb of energy hits you!
* * * LOW HITPOINT WARNING * * *
The orb of energy explodes!
You slash the wretched star!
The wretched star is heavily damaged.
Your plate armour prevents you from hitting the wretched star.
The wretched star is heavily damaged.
You hit the wretched star.
The wretched star is heavily damaged.
You are suddenly pulled into a different region of the Abyss! 2 raiju come into view.
19358 ||| READING 4 scrolls of teleportation.
The raiju barks! x2
You begin reading the scroll.
You continue reading the scroll.
The raiju bursts into living lightning!
The living lightning hits you!
You die...

#.#.## ..
.......#
....... ...#.
#...# ##... #
#.#.##..#
#..@...#
##.#..##
####...##..h
#.#.##...##¤h#
##.#...###.#
.. # ..#### .
#... # #..##.
. #. ## #. #.
..


You could see 2 raiju.

Vanquished Creatures
  3 tentacled starspawn (Abyss:1)
  A death yak (Lair:8)
  A wretched star (Abyss:1)
  An unseen horror (D:10)
  An ugly thing (D:10)
  An orc sorcerer (Abyss:1)
  2 griffons
  5 elephants (Lair:6)
  A molten gargoyle (Lair:3)
  A smoke demon (Abyss:1)
  A torpor snail (Lair:7)
  A gargoyle (D:11)
  6 spiny frogs
  4 black mambas
  2 fire drakes
  A troll (D:10)
  An ancient zyme (Abyss:1)
  7 komodo dragons
  A spriggan druid (Lair:8)
  4 two-headed ogres
  7 polar bears
  A raiju (Abyss:1)
  36 blink frogs
  4 slime creatures (D:11)
  3 large abominations (Abyss:1)
  2 ynoxinuls (Abyss:1)
  A shadow (D:11)
  3 deep elf magi
  A flying skull (Abyss:1)
  8 redbacks (Lair:8)
  2 hungry ghosts (D:7)
  49 yaks
  A wraith (D:10)
  8 spriggans (Lair:8)
  A chaos spawn (Abyss:1)
  4 fire bats (D:9)
  3 basilisks
  A steam dragon (D:9)
  9 hippogriffs
  3 vampire mosquitoes (Lair:3)
  31 wolves
  3 wargs (D:11)
  8 water moccasins
  8 black bears
  4 ice beasts
  7 porcupines
  A hell hound (D:9)
  3 phantoms
  4 sky beasts
  8 ogres
  3 centaurs
  11 crocodiles
  17 giant frogs
  A water moccasin skeleton (D:11)
  7 scorpions
  A wyvern skeleton (D:10)
  2 troll zombies (D:10)
  2 lava snakes (D:9)
  3 wights (D:10)
  8 electric eels
  10 crimson imps
  An iron imp (Abyss:1)
  2 quasits (D:9)
  2 giant frog zombies
  A wasp zombie (D:7)
  A giant frog skeleton (D:7)
  3 hounds
  2 centaur zombies
  12 jellies
  8 orc priests
  Jessica (D:3)
  3 centaur skeletons
  A gnoll shaman (D:9)
  8 iguanas
  7 orc wizards
  A statue (D:7)
  10 worker ants
  26 sheep
  6 ogre zombies (D:10)
  A hound zombie (D:6)
  A hound skeleton (D:5)
  2 small abominations (Abyss:1)
  A mummy (D:7)
  17 adders
  4 gnolls (D:9)
  A worker ant zombie (D:10)
  59 river rats
  A shadow imp (D:8)
  3 white imps (D:10)
  An ufetubus (Abyss:1)
  2 oozes
  An adder skeleton (D:9)
  3 worms
  12 giant geckos
  31 orcs
  2 ball pythons
  5 bats
  5 giant cockroaches
  5 hobgoblins
  8 jackals
  10 kobolds
  5 quokkas
  A giant gecko skeleton (D:6)
  8 giant newts
  7 goblins
  2 hobgoblin skeletons (D:10)
  A hobgoblin zombie (D:10)
  A jackal skeleton (D:9)
  3 orc skeletons (D:10)
  19 orc zombies (D:10)
  A quokka skeleton (D:7)
  6 rats
  5 fungi
  2 plants
  5 starspawn tentacles (Abyss:1)
670 creatures vanquished.

Vanquished Creatures (collateral kills)
  A hydra (Lair:1)
  4 death yaks (Lair:8)
  2 spriggans (Lair:8)
  A black mamba (Lair:8)
  A spriggan druid (Lair:8)
  2 polar bears (Lair:8)
  A redback (Lair:8)
  A water moccasin (Lair:1)
  4 wolves (Lair:8)
  2 wasps (Lair:8)
  A giant frog (Lair:1)
20 creatures vanquished.

Vanquished Creatures (others)
  A human (D:4)
  3 fire vortices (D:9)
  4 fungi
  7 plants
  4 starspawn tentacles (Abyss:1)
  131 starspawn tentacle segments (Abyss:1)
150 creatures vanquished.

Grand Total: 840 creatures vanquished

Notes
Turn   | Place    | Note
--------------------------------------------------------------
     0 | D:1      | endege the Deep Dwarf Necromancer began the quest for the Orb.
     0 | D:1      | Reached XP level 1. HP: 15/15 MP: 3/3
     0 | D:1      | 0 ||| counter = 66
     6 | D:1      | Noticed a black mamba
     6 | D:1      | Noticed an iguana
     6 | D:1      | Noticed a polar bear
     6 | D:1      | Noticed a worker ant
     6 | D:1      | Noticed a hound
    55 | D:1      | 55 ||| Wielding weapon dagger.
   205 | D:1      | Reached skill level 1 in Fighting
   216 | D:1      | 216 ||| UPGRADING to hand axe.
   217 | D:1      | 217 ||| DROPPING +0 dagger.
   266 | D:1      | Reached XP level 2. HP: 13/25 MP: 4/4
   312 | D:1      | Reached skill level 1 in Axes
   707 | D:1      | 707 ||| UPGRADING to leather armour.
   717 | D:1      | 717 ||| DROPPING +0 robe.
   718 | D:1      | 718 ||| UPGRADING to pair of glowing boots.
   723 | D:1      | Identified a +2 pair of boots of running (You found it on level 1 of the Dungeon)
   723 | D:1      | 723 ||| UPGRADING to ring mail.
   733 | D:1      | 733 ||| DROPPING +0 leather armour.
   734 | D:1      | 734 ||| READING scroll labeled KYEPENTOZ XEEV.
   735 | D:1      | 735 ||| READING scroll labeled WUOG CAYNUCH.
   736 | D:1      | 736 ||| READING scroll labeled AGUOZ XEPTUKAQ.
   792 | D:2      | Reached XP level 3. HP: 12/31 MP: 5/5
   836 | D:2      | 836 ||| ZAPPING wand of heal wounds (5).
   906 | D:2      | Reached skill level 3 in Axes
   955 | D:2      | Found a shadowy altar of Dithmenos.
  1149 | D:2      | Reached XP level 4. HP: 29/38 MP: 6/6
  1194 | D:2      | 1194 ||| EATING 3 bread rations.
  1452 | D:2      | Found an iron altar of Okawaru.
  1537 | D:2      | Found a glowing silver altar of Zin.
  1538 | D:2      | Found an opulent altar of Gozag.
  1550 | D:2      | 1550 ||| READING scroll labeled BARENA GAZIY.
  1551 | D:2      | 1551 ||| DRINKING 2 viscous sapphire potions.
  1551 | D:2      | Gained mutation: Your flesh is heat resistant. [potion of mutation]
  1551 | D:2      | Gained mutation: You have large cloven feet. [potion of mutation]
  1551 | D:2      | Gained mutation: [Your spells are a little easier to cast, but a little less powerful.] [potion of mutation]
  1552 | D:2      | 1552 ||| DROPPING potion of mutation.
  1804 | D:3      | Reached XP level 5. HP: 23/45 MP: 7/7
  1830 | D:3      | Found a glowing golden altar of the Shining One.
  1886 | D:3      | 1886 ||| ZAPPING wand of heal wounds (4).
  1894 | D:3      | 1894 ||| MP-RECHARGING wand of heal wounds (3).
  1949 | D:3      | Noticed Jessica
  1958 | D:3      | Killed Jessica
  2030 | D:3      | Found a white marble altar of Elyvilon.
  2163 | D:3      | 2163 ||| READING scroll labeled DAC UCYNEVUDAB.
  2164 | D:3      | 2164 ||| READING scroll labeled SAXUTE TUATA.
  2165 | D:3      | 2165 ||| READING scroll labeled HOPAPU YSU.
  2166 | D:3      | 2166 ||| DRINKING 3 inky potions.
  2167 | D:3      | 2167 ||| DRINKING 2 bubbling yellow potions.
  2213 | D:3      | 2213 ||| DROPPING 2 potions of agility.
  2214 | D:3      | 2214 ||| DROPPING wand of fireball.
  2215 | D:3      | 2215 ||| DROPPING potion of lignification.
  2267 | D:4      | Reached skill level 5 in Axes
  2351 | D:4      | Reached XP level 6. HP: 25/55 MP: 7/7
  2352 | D:4      | 2352 ||| ZAPPING wand of heal wounds (7).
  2441 | D:4      | 2441 ||| ZAPPING wand of heal wounds (6).
  2462 | D:4      | Reached skill level 3 in Fighting
  2555 | D:4      | 2555 ||| ZAPPING wand of heal wounds (5).
  2579 | D:4      | Reached skill level 6 in Axes
  2617 | D:4      | HP: 13/56 [ogre/giant club (19)]
  2618 | D:4      | 2618 ||| READING 6 scrolls of teleportation.
  2619 | D:4      | 2619 ||| ZAPPING wand of heal wounds (4).
  2622 | D:4      | 2622 ||| ZAPPING wand of heal wounds (3).
  2623 | D:4      | 2623 ||| MP-RECHARGING wand of heal wounds (2).
  2797 | D:4      | Found an ancient bone altar of Kikubaaqudgha.
  2798 | D:4      | Noticed a human
  2799 | D:4      | 2799 ||| UPGRADING to scale mail.
  2801 | D:4      | Killed a human
  2809 | D:4      | 2809 ||| DROPPING +0 ring mail.
  2810 | D:4      | 2810 ||| UPGRADING to plate armour.
  2820 | D:4      | 2820 ||| DROPPING +0 scale mail.
  2821 | D:4      | 2821 ||| READING scroll labeled ANNUOC VOKY.
  2822 | D:4      | 2822 ||| READING scroll labeled EVENLE DALUNGE.
  2823 | D:4      | 2823 ||| READING 3 scrolls of identify.
  2823 | D:4      | 2823 ||| IDENTIFYING dented bronze amulet
  2824 | D:4      | 2824 ||| DROPPING amulet of dismissal.
  2825 | D:4      | 2825 ||| READING 2 scrolls of identify.
  2825 | D:4      | 2825 ||| IDENTIFYING knobbly ruby ring
  2826 | D:4      | 2826 ||| DROPPING +3 ring of intelligence.
  2827 | D:4      | 2827 ||| READING scroll of identify.
  2827 | D:4      | 2827 ||| IDENTIFYING shiny sapphire ring
  2828 | D:4      | 2828 ||| UPGRADING to ring of see invisible.
  2829 | D:4      | 2829 ||| DROPPING wand of random effects.
  2845 | D:5      | Entered Level 5 of the Dungeon
  2847 | D:5      | 2847 ||| STAIRDANCE
  2849 | D:4      | 2849 ||| ZAPPING wand of heal wounds (4).
  2857 | D:4      | HP: 14/56 [ogre/giant spiked club (15)]
  2858 | D:4      | 2858 ||| READING 5 scrolls of teleportation.
  2859 | D:4      | 2859 ||| ZAPPING wand of heal wounds (3).
  2861 | D:4      | 2861 ||| MP-RECHARGING wand of heal wounds (2).
  2886 | D:5      | 2886 ||| ZAPPING wand of heal wounds (5).
  2895 | D:5      | 2895 ||| ZAPPING wand of heal wounds (4).
  2913 | D:5      | Reached XP level 7. HP: 35/62 MP: 6/6
  2914 | D:5      | 2914 ||| MP-RECHARGING wand of heal wounds (3).
  2915 | D:5      | 2915 ||| EATING beef jerky.
  3064 | D:5      | Reached skill level 1 in Armour
  3065 | D:5      | 3065 ||| ZAPPING wand of heal wounds (9).
  3264 | D:5      | Reached skill level 7 in Axes
  3316 | D:5      | 3316 ||| ZAPPING wand of heal wounds (8).
  3321 | D:5      | 3321 ||| EATING beef jerky.
  3476 | D:5      | 3476 ||| ZAPPING wand of heal wounds (7).
  3737 | D:5      | 3737 ||| ZAPPING wand of heal wounds (6).
  3754 | D:5      | Found a sacrificial altar of Ru.
  3778 | D:5      | 3778 ||| UPGRADING to cloak.
  3783 | D:5      | 3783 ||| READING scroll labeled BETEINA ZOULOC.
  3784 | D:5      | 3784 ||| READING scroll labeled DIR LOTEIMICAE.
  3968 | D:6      | 3968 ||| ZAPPING wand of heal wounds (5).
  3973 | D:6      | 3973 ||| READING 5 scrolls of teleportation.
  3974 | D:6      | 3974 ||| ZAPPING wand of heal wounds (4).
  3977 | D:6      | 3977 ||| ZAPPING wand of heal wounds (3).
  3978 | D:6      | 3978 ||| MP-RECHARGING wand of heal wounds (2).
  4034 | D:6      | 4034 ||| ZAPPING wand of heal wounds (8).
  4035 | D:6      | Reached skill level 8 in Axes
  4043 | D:6      | Reached XP level 8. HP: 43/72 MP: 5/5
  4083 | D:6      | 4083 ||| EATING beef jerky.
  4241 | D:6      | 4241 ||| READING scroll of enchant armour.
  4241 | D:6      | 4241 ||| ENCHANTING +0 cloak.
  4275 | D:6      | 4275 ||| ZAPPING wand of heal wounds (7).
  4491 | D:6      | Reached skill level 3 in Armour
  4598 | D:6      | 4598 ||| EATING 4 fruits.
  4763 | D:6      | 4763 ||| READING scroll labeled JUM FAURIHUE.
  4764 | D:6      | 4764 ||| READING scroll labeled LYWUM JOCHA.
  4765 | D:6      | 4765 ||| DRINKING 2 puce potions.
  4766 | D:6      | 4766 ||| READING 4 scrolls of identify.
  4766 | D:6      | 4766 ||| IDENTIFYING amethyst potion
  4767 | D:6      | 4767 ||| READING 3 scrolls of identify.
  4767 | D:6      | 4767 ||| IDENTIFYING glowing puce potion
  4768 | D:6      | 4768 ||| READING 2 scrolls of identify.
  4768 | D:6      | 4768 ||| IDENTIFYING orange potion
  4769 | D:6      | 4769 ||| DROPPING potion of flight.
  4770 | D:6      | 4770 ||| DROPPING potion of brilliance.
  4771 | D:6      | 4771 ||| DROPPING wand of paralysis.
  4776 | D:7      | Found a staircase to the Ecumenical Temple.
  4781 | Temple   | Entered the Ecumenical Temple
  4782 | Temple   | 4782 ||| Entered T.
  4851 | Temple   | Became a worshipper of Makhleb the Destroyer
  4909 | D:7      | 4909 ||| EATING 3 fruits.
  4946 | D:7      | Found a snail-covered altar of Cheibriados.
  4950 | D:7      | Reached skill level 1 in Invocations
  5115 | D:7      | Reached skill level 9 in Axes
  5166 | D:7      | Reached skill level 3 in Invocations
  5167 | D:7      | 5167 ||| DRINKING potion of heal wounds.
  5270 | D:7      | 5270 ||| EATING 7 bread rations.
  5275 | D:7      | 5275 ||| EATING 7 bread rations.
  5279 | D:7      | 5279 ||| EATING 7 bread rations.
  5282 | D:7      | 5282 ||| EATING 7 bread rations.
  5285 | D:7      | 5285 ||| EATING 7 bread rations.
  5288 | D:7      | 5288 ||| EATING 7 bread rations.
  5291 | D:7      | 5291 ||| EATING 7 bread rations.
  5299 | D:7      | 5299 ||| EATING 6 bread rations.
  5307 | D:7      | 5307 ||| EATING 5 bread rations.
  5315 | D:7      | 5315 ||| EATING 4 bread rations.
  5324 | D:7      | 5324 ||| EATING 3 bread rations.
  5331 | D:7      | 5331 ||| EATING 2 bread rations.
  5338 | D:7      | 5338 ||| EATING 2 fruits.
  5339 | D:7      | 5339 ||| EATING fruit.
  5373 | D:7      | 5373 ||| EATING 2 bread rations.
  5382 | D:7      | 5382 ||| EATING bread ration.
  5386 | D:7      | Gained mutation: You passively map the area around you. [Deep Dwarf growth]
  5386 | D:7      | Reached XP level 9. HP: 62/80 MP: 7/7
  5407 | D:7      | 5407 ||| READING scroll of enchant armour.
  5407 | D:7      | 5407 ||| ENCHANTING +1 cloak.
  5411 | D:7      | 5411 ||| READING scroll of enchant armour.
  5411 | D:7      | 5411 ||| ENCHANTING +0 plate armour.
  5438 | D:7      | 5438 ||| EATING 5 meat rations.
  5471 | D:7      | Found a radiant altar of Vehumet.
  5571 | D:7      | 5571 ||| UPGRADING to glowing cameo amulet.
  5572 | D:7      | 5572 ||| READING 5 scrolls of remove curse.
  5573 | D:7      | 5573 ||| REMOVING amulet of inaccuracy.
  5574 | D:7      | 5574 ||| DROPPING amulet of inaccuracy.
  5575 | D:7      | 5575 ||| READING scroll labeled GIEPTU JITURE.
  5576 | D:7      | 5576 ||| READING scroll labeled NOUHYPL REMN.
  5657 | D:8      | Reached * piety under Makhleb
  5764 | D:8      | Reached skill level 10 in Axes
  5779 | D:8      | 5779 ||| DRINKING potion of heal wounds.
  5792 | D:8      | Found a sparkling altar of Nemelex Xobeh.
  5963 | D:8      | 5963 ||| ZAPPING wand of heal wounds (6).
  6203 | D:8      | 6203 ||| UPGRADING to war axe.
  6204 | D:8      | 6204 ||| DROPPING +1 hand axe.
  6419 | D:8      | Reached skill level 11 in Axes
  6434 | D:8      | 6434 ||| ZAPPING wand of heal wounds (5).
  6566 | D:8      | Found a blossoming altar of Fedhas.
  6570 | D:8      | Reached ** piety under Makhleb
  6666 | D:8      | 6666 ||| UPGRADING to glowing cloak.
  6676 | D:8      | 6676 ||| DROPPING +2 cloak.
  6723 | D:8      | 6723 ||| UPGRADING to large jade ring.
  6724 | D:8      | 6724 ||| REMOVING ring of flight.
  6725 | D:8      | 6725 ||| DROPPING ring of flight.
  6831 | D:9      | 6831 ||| ZAPPING wand of heal wounds (4).
  6832 | D:9      | 6832 ||| MP-RECHARGING wand of heal wounds (3).
  6955 | D:9      | Found a blossoming altar of Fedhas.
  6999 | D:9      | Reached skill level 6 in Invocations
  7091 | D:9      | Reached XP level 10. HP: 91/91 MP: 8/8
  7124 | D:9      | Reached *** piety under Makhleb
  7124 | D:9      | Reached skill level 6 in Fighting
  7189 | D:9      | Reached skill level 12 in Axes
  7330 | D:9      | Found a stormy altar of Qazlal.
  7331 | D:9      | 7331 ||| DRINKING potion of heal wounds.
  7424 | D:9      | 7424 ||| DRINKING 2 smoky puce potions.
  7427 | D:9      | 7427 ||| DROPPING potion of invisibility.
  7430 | D:9      | 7430 ||| DROPPING wand of flame.
  7432 | D:9      | 7432 ||| DROPPING wand of lightning.
  7456 | D:10     | Entered Level 10 of the Dungeon
  7493 | D:10     | Found a staircase to the Orcish Mines.
  7506 | D:10     | 7506 ||| ZAPPING wand of heal wounds (7).
  7519 | D:10     | Reached **** piety under Makhleb
  7865 | D:10     | Noticed a cyan ugly thing
  7876 | D:10     | 7876 ||| ZAPPING wand of heal wounds (6).
  7877 | D:10     | 7877 ||| ZAPPING wand of heal wounds (5).
  7882 | D:10     | 7882 ||| ZAPPING wand of heal wounds (4).
  7887 | D:10     | 7887 ||| ZAPPING wand of heal wounds (3).
  7888 | D:10     | 7888 ||| ZAPPING wand of heal wounds (2).
  7889 | D:10     | 7889 ||| MP-RECHARGING wand of heal wounds (1).
  7890 | D:10     | 7890 ||| ZAPPING wand of heal wounds (3).
  7894 | D:10     | 7894 ||| ZAPPING wand of heal wounds (2).
  7895 | D:10     | 7895 ||| ZAPPING wand of heal wounds (1).
  7896 | D:10     | 7896 ||| MP-RECHARGING wand of heal wounds (0).
  7898 | D:10     | 7898 ||| ZAPPING wand of heal wounds (6).
  7901 | D:10     | 7901 ||| ZAPPING wand of heal wounds (5).
  7918 | D:10     | 7918 ||| ZAPPING wand of heal wounds (4).
  7921 | D:10     | Killed a cyan ugly thing
  7921 | D:10     | Reached skill level 9 in Invocations
  7922 | D:10     | 7922 ||| ZAPPING wand of heal wounds (3).
  7923 | D:10     | 7923 ||| MP-RECHARGING wand of heal wounds (2).
  8355 | D:10     | Reached skill level 13 in Axes
  8510 | D:10     | Reached XP level 11. HP: 99/99 MP: 9/9
  8594 | D:10     | Reached ***** piety under Makhleb
  8691 | D:10     | Noticed an unseen horror
  8715 | D:10     | 8715 ||| ZAPPING wand of heal wounds (8).
  8716 | D:10     | Killed an unseen horror
  8899 | D:10     | 8899 ||| UPGRADING to glowing bone ring.
  8900 | D:10     | 8900 ||| REMOVING ring of stealth.
  8901 | D:10     | 8901 ||| DROPPING ring of stealth.
  8902 | D:10     | 8902 ||| DRINKING 2 black potions.
  8903 | D:10     | 8903 ||| READING 2 scrolls of identify.
  8903 | D:10     | 8903 ||| IDENTIFYING smoky coppery potion
  8944 | D:11     | 8944 ||| STAIRDANCE
  8988 | D:11     | 8988 ||| READING 5 scrolls of teleportation.
  8992 | D:11     | 8992 ||| ZAPPING wand of heal wounds (7).
  8993 | D:11     | 8993 ||| ZAPPING wand of heal wounds (6).
  9022 | D:11     | 9022 ||| EATING 22 fruits.
  9156 | D:11     | Found a burning altar of Makhleb.
  9219 | D:11     | Found a staircase to the Lair.
  9249 | D:11     | 9249 ||| ZAPPING wand of heal wounds (5).
  9359 | D:11     | Reached skill level 14 in Axes
  9437 | D:11     | 9437 ||| ZAPPING wand of heal wounds (4).
  9439 | D:11     | 9439 ||| ZAPPING wand of heal wounds (3).
  9440 | D:11     | 9440 ||| ZAPPING wand of heal wounds (2).
  9441 | D:11     | 9441 ||| MP-RECHARGING wand of heal wounds (1).
  9445 | D:11     | 9445 ||| ZAPPING wand of heal wounds (5).
  9447 | D:11     | 9447 ||| ZAPPING wand of heal wounds (4).
  9461 | D:11     | 9461 ||| MP-RECHARGING wand of heal wounds (3).
  9551 | D:11     | Noticed Sonja
  9552 | D:11     | 9552 ||| INVOKING Greater Servant of Makhleb.
  9552 | D:11     | Noticed a cacodemon
  9553 | D:11     | 9553 ||| READING 6 scrolls of teleportation.
  9556 | D:11     | 9556 ||| ZAPPING wand of heal wounds (7).
  9560 | D:11     | 9560 ||| ZAPPING wand of heal wounds (6).
  9786 | D:11     | 9786 ||| EATING 21 fruits.
  9829 | Lair:1   | Entered Level 1 of the Lair of Beasts
  9830 | Lair:1   | 9830 ||| Entered L.
  9880 | Lair:1   | 9880 ||| ZAPPING wand of heal wounds (5).
  9892 | Lair:1   | Noticed a five-headed hydra
  9893 | Lair:1   | 9893 ||| INVOKING Greater Servant of Makhleb.
  9893 | Lair:1   | Noticed a cacodemon
  9894 | Lair:1   | 9894 ||| READING 5 scrolls of teleportation.
  9895 | Lair:1   | 9895 ||| INVOKING MAJOR DESTRUCTION
  9896 | Lair:1   | 9896 ||| INVOKING MAJOR DESTRUCTION
  9897 | Lair:1   | 9897 ||| ZAPPING wand of heal wounds (4).
  9898 | Lair:1   | 9898 ||| MP-RECHARGING wand of heal wounds (3).
  9926 | Lair:1   | 9926 ||| READING 4 scrolls of teleportation.
  9927 | Lair:1   | Gained mutation: You are dopey. (Int -2) [a cacodemon]
 10027 | Lair:1   | 10027 ||| EATING 20 fruits.
 10166 | Lair:1   | 10166 ||| EATING 19 fruits.
 10394 | Lair:1   | Reached skill level 12 in Invocations
 10411 | Lair:1   | 10411 ||| ZAPPING wand of heal wounds (7).
 10516 | Lair:1   | 10516 ||| ZAPPING wand of heal wounds (6).
 10521 | Lair:1   | 10521 ||| ZAPPING wand of heal wounds (5).
 10522 | Lair:1   | 10522 ||| ZAPPING wand of heal wounds (4).
 10526 | Lair:1   | 10526 ||| ZAPPING wand of heal wounds (3).
 10529 | Lair:1   | 10529 ||| ZAPPING wand of heal wounds (2).
 10530 | Lair:1   | 10530 ||| MP-RECHARGING wand of heal wounds (1).
 10532 | Lair:1   | 10532 ||| DRINKING 5 potions of curing.
 10532 | Lair:1   | 10532 ||| (to cure bad poison)
 10533 | Lair:1   | 10533 ||| ZAPPING wand of heal wounds (5).
 10669 | Lair:1   | 10669 ||| INVOKING Greater Servant of Makhleb.
 10670 | Lair:1   | 10670 ||| ZAPPING wand of heal wounds (4).
 10671 | Lair:1   | 10671 ||| INVOKING Greater Servant of Makhleb.
 10671 | Lair:1   | Noticed a blizzard demon
 10672 | Lair:1   | 10672 ||| READING 4 scrolls of teleportation.
 10676 | Lair:1   | 10676 ||| MP-RECHARGING wand of heal wounds (3).
 10714 | Lair:1   | 10714 ||| ZAPPING wand of heal wounds (5).
 10718 | Lair:1   | Killed an eight-headed hydra
 10719 | Lair:1   | 10719 ||| ZAPPING wand of heal wounds (4).
 10720 | Lair:1   | 10720 ||| MP-RECHARGING wand of heal wounds (3).
 10782 | Lair:1   | 10782 ||| ZAPPING wand of heal wounds (6).
 10886 | Lair:1   | 10886 ||| ZAPPING wand of heal wounds (5).
 10937 | Lair:1   | 10937 ||| EATING 18 fruits.
 11249 | Lair:1   | 11249 ||| EATING 17 fruits.
 11420 | Lair:1   | 11420 ||| UPGRADING to helmet.
 11425 | Lair:1   | 11425 ||| READING 9 scrolls of remove curse.
 11426 | Lair:1   | 11426 ||| READING 2 scrolls of identify.
 11426 | Lair:1   | 11426 ||| IDENTIFYING fizzy purple potion
 11447 | Lair:2   | 11447 ||| STAIRDANCE
 11542 | Lair:2   | Reached XP level 12. HP: 69/109 MP: 6/6
 11546 | Lair:2   | 11546 ||| ZAPPING wand of heal wounds (4).
 11547 | Lair:2   | 11547 ||| MP-RECHARGING wand of heal wounds (3).
 11577 | Lair:2   | Reached skill level 15 in Axes
 11588 | Lair:2   | 11588 ||| ZAPPING wand of heal wounds (9).
 11674 | Lair:2   | 11674 ||| ZAPPING wand of heal wounds (8).
 11675 | Lair:2   | 11675 ||| ZAPPING wand of heal wounds (7).
 11679 | Lair:2   | 11679 ||| ZAPPING wand of heal wounds (6).
 12179 | Lair:2   | 12179 ||| EATING 16 fruits.
 12244 | Lair:2   | You fall through a shaft!
 12245 | Lair:3   | 12245 ||| Shafted from Lair:2 to Lair:3.
 12292 | Lair:3   | Found a staircase to the Swamp.
 12357 | Lair:3   | 12357 ||| DRINKING potion of heal wounds.
 12407 | Lair:3   | 12407 ||| EATING 15 fruits.
 12492 | Lair:3   | 12492 ||| ZAPPING wand of heal wounds (5).
 12509 | Lair:3   | Reached skill level 16 in Axes
 12511 | Lair:3   | 12511 ||| ZAPPING wand of heal wounds (4).
 12514 | Lair:3   | 12514 ||| ZAPPING wand of heal wounds (3).
 12515 | Lair:3   | 12515 ||| MP-RECHARGING wand of heal wounds (2).
 12545 | Lair:3   | 12545 ||| ZAPPING wand of heal wounds (5).
 12645 | Lair:3   | 12645 ||| ZAPPING wand of heal wounds (4).
 12677 | Lair:3   | 12677 ||| MP-RECHARGING wand of heal wounds (3).
 12684 | Lair:3   | Reached skill level 3 in Dodging
 12686 | Lair:3   | 12686 ||| EATING 16 fruits.
 12907 | Lair:2   | 12907 ||| Successfully unshafted to Lair:2.
 12961 | Lair:2   | 12961 ||| READING scroll labeled HACOOT NAFO.
 12961 | Lair:2   | Identified a scroll of acquirement
 12962 | Lair:2   | Got a jewelled cloak
 12963 | Lair:2   | 12963 ||| UPGRADING to jewelled cloak.
 12973 | Lair:2   | Identified the +4 cloak of the Morning {Regen+ rCorr} (You acquired it on level 2 of the Lair of Beasts)
 12973 | Lair:2   | 12973 ||| DROPPING +2 cloak.
 12974 | Lair:2   | 12974 ||| DRINKING 2 cyan potions.
 13011 | Lair:2   | 13011 ||| READING 2 scrolls of identify.
 13011 | Lair:2   | 13011 ||| IDENTIFYING brown potion
 13012 | Lair:2   | 13012 ||| DROPPING potion of berserk rage.
 13027 | Lair:2   | 13027 ||| EATING 17 fruits.
 13235 | Lair:3   | 13235 ||| ZAPPING wand of heal wounds (8).
 13333 | Lair:3   | 13333 ||| EATING 16 fruits.
 13477 | Lair:4   | 13477 ||| Stepping ~*~*~tactically~*~*~ (water).
 13479 | Lair:4   | 13479 ||| ZAPPING wand of heal wounds (7).
 13480 | Lair:4   | 13480 ||| Stepping ~*~*~tactically~*~*~ (water).
 13482 | Lair:4   | 13482 ||| ZAPPING wand of heal wounds (6).
 13488 | Lair:4   | 13488 ||| ZAPPING wand of heal wounds (5).
 13510 | Lair:4   | 13510 ||| ZAPPING wand of heal wounds (4).
 13511 | Lair:4   | 13511 ||| MP-RECHARGING wand of heal wounds (3).
 13592 | Lair:4   | 13592 ||| EATING 15 fruits.
 13605 | Lair:4   | Found a labyrinth entrance.
 13661 | Lair:4   | Found a hole to the Spider Nest.
 13830 | Lair:4   | 13830 ||| EATING 14 fruits.
 14124 | Lair:4   | 14124 ||| EATING 13 fruits.
 14125 | Lair:4   | 14125 ||| UPGRADING to battleaxe.
 14126 | Lair:4   | 14126 ||| DROPPING +0 war axe.
 14230 | Lair:4   | 14230 ||| READING 3 scrolls of identify.
 14230 | Lair:4   | 14230 ||| IDENTIFYING murky red potion
 14231 | Lair:4   | 14231 ||| READING 2 scrolls of identify.
 14231 | Lair:4   | 14231 ||| IDENTIFYING bubbling black potion
 14232 | Lair:4   | 14232 ||| DROPPING potion of poison.
 14233 | Lair:4   | 14233 ||| DROPPING wand of cold.
 14234 | Lair:4   | 14234 ||| DROPPING potion of magic.
 14391 | Lair:5   | 14391 ||| EATING 14 fruits.
 14622 | Lair:5   | Reached ****** piety under Makhleb
 14663 | Lair:5   | 14663 ||| EATING 13 fruits.
 14979 | Lair:5   | 14979 ||| EATING 12 fruits.
 15089 | Lair:5   | 15089 ||| UPGRADING to dented cameo amulet.
 15090 | Lair:5   | 15090 ||| REMOVING amulet of rage.
 15091 | Lair:5   | 15091 ||| DROPPING amulet of rage.
 15092 | Lair:5   | 15092 ||| READING scroll labeled VYMMIY RYSIA.
 15093 | Lair:5   | 15093 ||| READING 2 scrolls of identify.
 15093 | Lair:5   | 15093 ||| IDENTIFYING golden potion
 15094 | Lair:5   | 15094 ||| DROPPING potion of cancellation.
 15224 | Lair:6   | Reached XP level 13. HP: 117/117 MP: 3/3
 15248 | Lair:6   | 15248 ||| EATING 11 fruits.
 15296 | Lair:6   | 15296 ||| ZAPPING wand of heal wounds (6).
 15299 | Lair:6   | 15299 ||| DRINKING 7 potions of curing.
 15299 | Lair:6   | 15299 ||| (to cure poison)
 15541 | Lair:6   | 15541 ||| ZAPPING wand of heal wounds (5).
 15765 | Lair:6   | Reached skill level 17 in Axes
 15784 | Lair:6   | 15784 ||| EATING 13 fruits.
 16046 | Lair:6   | 16046 ||| EATING 12 fruits.
 16149 | Lair:6   | 16149 ||| DROPPING wand of frost.
 16229 | Lair:7   | 16229 ||| ZAPPING wand of heal wounds (4).
 16231 | Lair:7   | 16231 ||| ZAPPING wand of heal wounds (3).
 16232 | Lair:7   | 16232 ||| DRINKING 7 potions of curing.
 16232 | Lair:7   | 16232 ||| (to cure bad poison)
 16239 | Lair:7   | 16239 ||| MP-RECHARGING wand of heal wounds (2).
 16811 | Lair:7   | 16811 ||| READING scroll of enchant armour.
 16811 | Lair:7   | 16811 ||| ENCHANTING +0 helmet.
 17121 | Lair:7   | 17121 ||| UPGRADING to pair of gloves.
 17126 | Lair:7   | 17126 ||| UPGRADING to ivory ring.
 17127 | Lair:7   | 17127 ||| REMOVING ring of magical power.
 17128 | Lair:7   | 17128 ||| DROPPING ring of magical power.
 17129 | Lair:7   | 17129 ||| UPGRADING to ruby ring.
 17130 | Lair:7   | 17130 ||| READING 8 scrolls of remove curse.
 17131 | Lair:7   | 17131 ||| REMOVING ring of teleportation.
 17132 | Lair:7   | 17132 ||| DROPPING ring of teleportation.
 17143 | Lair:8   | Entered Level 8 of the Lair of Beasts
 17144 | Lair:8   | 17144 ||| STAIRDANCE
 17176 | Lair:8   | 17176 ||| STAIRDANCE
 17188 | Lair:8   | 17188 ||| STAIRDANCE
 17215 | Lair:8   | 17215 ||| STAIRDANCE
 17257 | Lair:8   | 17257 ||| EATING 11 fruits.
 17380 | Lair:8   | Found a staircase to the Slime Pits.
 17488 | Lair:8   | 17488 ||| EATING 10 fruits.
 17529 | Lair:8   | 17529 ||| INVOKING Greater Servant of Makhleb.
 17536 | Lair:8   | Reached skill level 15 in Invocations
 17543 | Lair:8   | 17543 ||| ZAPPING wand of heal wounds (6).
 17545 | Lair:8   | 17545 ||| Stepping ~*~*~tactically~*~*~ (cloud).
 17546 | Lair:8   | 17546 ||| INVOKING Greater Servant of Makhleb.
 17547 | Lair:8   | 17547 ||| ZAPPING wand of heal wounds (5).
 17552 | Lair:8   | Reached skill level 9 in Fighting
 17571 | Lair:8   | 17571 ||| ZAPPING wand of heal wounds (4).
 17572 | Lair:8   | 17572 ||| MP-RECHARGING wand of heal wounds (3).
 17622 | Lair:8   | 17622 ||| ZAPPING wand of heal wounds (6).
 17623 | Lair:8   | 17623 ||| ZAPPING wand of heal wounds (5).
 17666 | Lair:8   | Reached skill level 6 in Armour
 17747 | Lair:8   | Gained mutation: You resist negative energy. [Deep Dwarf growth]
 17747 | Lair:8   | Reached XP level 14. HP: 91/129 MP: 4/4
 17837 | Lair:8   | 17837 ||| ZAPPING wand of heal wounds (4).
 17844 | Lair:8   | 17844 ||| ZAPPING wand of heal wounds (3).
 17848 | Lair:8   | 17848 ||| ZAPPING wand of heal wounds (2).
 17849 | Lair:8   | 17849 ||| READING scroll of recharging.
 17849 | Lair:8   | 17849 ||| RECHARGING wand of heal wounds (1).
 17859 | Lair:8   | 17859 ||| ZAPPING wand of heal wounds (5).
 17864 | Lair:8   | 17864 ||| ZAPPING wand of heal wounds (4).
 17873 | Lair:8   | 17873 ||| ZAPPING wand of heal wounds (3).
 17886 | Lair:8   | Reached skill level 18 in Axes
 17906 | Lair:8   | 17906 ||| ZAPPING wand of heal wounds (2).
 17907 | Lair:8   | 17907 ||| MP-RECHARGING wand of heal wounds (1).
 17908 | Lair:8   | 17908 ||| ZAPPING wand of heal wounds (4).
 17925 | Lair:8   | 17925 ||| MP-RECHARGING wand of heal wounds (3).
 18110 | Lair:8   | 18110 ||| ZAPPING wand of heal wounds (5).
 18560 | Lair:8   | 18560 ||| UPGRADING to runed emerald ring.
 18561 | Lair:8   | 18561 ||| READING 7 scrolls of remove curse.
 18562 | Lair:8   | 18562 ||| REMOVING ring of loudness.
 18563 | Lair:8   | 18563 ||| DROPPING ring of loudness.
 18564 | Lair:8   | 18564 ||| READING 6 scrolls of identify.
 18564 | Lair:8   | 18564 ||| IDENTIFYING wand of heal wounds
 18565 | Lair:8   | 18565 ||| MP-RECHARGING wand of heal wounds (3).
 18869 | D:11     | 18869 ||| INVOKING Greater Servant of Makhleb.
 18872 | D:11     | Cast into level 1 of the Abyss (Sonja)
 18872 | Abyss:1  | Found a corrupted altar of Lugonu.
 18925 | Abyss:1  | 18925 ||| ZAPPING wand of heal wounds (4).
 18926 | Abyss:1  | 18926 ||| MP-RECHARGING wand of heal wounds (3).
 19034 | Abyss:1  | 19034 ||| ZAPPING wand of heal wounds (7).
 19046 | Abyss:1  | 19046 ||| ZAPPING wand of heal wounds (6).
 19101 | Abyss:1  | Noticed a tentacled starspawn
 19107 | Abyss:1  | 19107 ||| ZAPPING wand of heal wounds (5).
 19111 | Abyss:1  | Killed a tentacled starspawn
 19121 | Abyss:1  | 19121 ||| ZAPPING wand of heal wounds (4).
 19128 | Abyss:1  | 19128 ||| ZAPPING wand of heal wounds (3).
 19129 | Abyss:1  | 19129 ||| MP-RECHARGING wand of heal wounds (2).
 19203 | Abyss:1  | Noticed a tentacled starspawn
 19214 | Abyss:1  | 19214 ||| ZAPPING wand of heal wounds (7).
 19215 | Abyss:1  | 19215 ||| ZAPPING wand of heal wounds (6).
 19216 | Abyss:1  | Killed a tentacled starspawn
 19247 | Abyss:1  | 19247 ||| EATING 9 fruits.
 19250 | Abyss:1  | Noticed a tentacled starspawn
 19261 | Abyss:1  | Killed a tentacled starspawn
 19282 | Abyss:1  | 19282 ||| READING 6 scrolls of teleportation.
 19334 | Abyss:1  | 19334 ||| READING 5 scrolls of teleportation.
 19344 | Abyss:1  | HP: 30/129 [wretched star/orb of energy (25)]
 19349 | Abyss:1  | HP: 8/129 [wretched star/orb of energy (12)]
 19358 | Abyss:1  | 19358 ||| READING 4 scrolls of teleportation.
 19359 | Abyss:1  | Killed from afar by a raiju

Vault maps used:
D:1:      onia_arrival_zoo_common
D:2:      grunt_temple_overflow_gold_and_silver, marbit_many_paths,
          nicolae_dithmenos_through_a_glass_darkly
D:3:      tso_metal_star, elyvilon_altar_1, uniq_jessica
D:4:      first_bread, tgw_kikubaaqudgha
D:5:      kennysheep_spiral_hall, nicolae_ru_path_of_blood
D:7:      slow_altar_1, vehumet_statue
D:8:      minmay_weird_star, lemuel_crystal_altar, hangedman_tree_tricks
D:9:      kennysheep_mini, basic_altar, hangedman_incinerator
D:10:     zombieorc2_lemuel, minmay_nine_imps
D:11:     erik_lair_orcish_takeover, basic_altar, uniq_sonja
Temple:   circular_temple_pool_8
Lair:1:   grunt_megastairs_2
Lair:2:   infiniplex_staircase_pool
Lair:3:   minmay_swamp_entry_swarm, disabler_island, lemuel_fruit_fields,
          serial_bayou_shore_b
Lair:4:   spider_nest_entry_web_field, lab_entry_generic,
          hangedman_lair_unloving_vines, serial_bayou_lake_a
Lair:8:   minmay_lair_end_enchanted_forest, nicolae_slime_entry_slimehenge,
          st_stairs_3

Action                   |  1- 3 |  4- 6 |  7- 9 | 10-12 | 13-15 || total
-------------------------+-------+-------+-------+-------+-------++-------
Melee: Unarmed           |    21 |       |       |       |       ||    21
       Dagger            |    20 |       |       |       |       ||    20
       Hand axe          |    89 |   224 |   539 |       |       ||   852
       War axe           |       |       |   136 |  1299 |       ||  1435
       Battleaxe         |       |       |       |   102 |  1074 ||  1176
Throw: Tomahawk          |    35 |    23 |    70 |   358 |   125 ||   611
       Javelin           |    25 |    72 |   111 |     9 |       ||   217
Invok: Greater Servant o |       |       |       |     4 |     3 ||     7
       Major Destruction |       |       |       |     2 |       ||     2
 Abil: Device Recharging |       |     3 |     3 |    13 |     7 ||    26
Evoke: Wand              |     1 |    10 |    12 |    53 |    26 ||   102
  Use: Scroll            |     3 |    11 |    14 |    14 |     7 ||    49
       Potion            |       |     3 |     3 |     6 |     2 ||    14
 Stab: Invisible         |       |       |       |     2 |       ||     2
       Distracted        |       |       |       |     1 |     1 ||     2
  Eat: Bread ration      |       |     1 |     8 |       |       ||     9
       Chunk             |       |     1 |     9 |    13 |    10 ||    33
       Beef jerky        |       |       |     3 |       |       ||     3
       Fruit             |       |       |     4 |    17 |     6 ||    27
       Meat ration       |       |       |     1 |       |       ||     1
